 Dungeon Crawl Stone Soup version 0.19-a0-459-gb8ed64d (webtiles) character file.

13462 mistymad the Covert (level 11, -5/83 HPs)
             Began as a Vampire Enchanter on June 2, 2016.
             Was a Follower of Ashenzari.
             Slain by a minotaur
             ... wielding an uncursed staff of fire
              (9 damage)
             ... in a labyrinth.
             The game lasted 00:51:25 (14601 turns).

mistymad the Covert (Vampire Enchanter)            Turns: 14601, Time: 00:51:26

Health: -5/83      AC:  5    Str:  7    XL:     11   Next: 75%
Magic:  12/21      EV: 19    Int: 17    God:    Ashenzari [*.....]
Gold:   724        SH:  0    Dex: 19    Spells: 5 memorised, 11 levels left

rFire  . . .     SeeInvis +     y - +2 dagger (venom)
rCold  + . .     Gourm    .     b - +1 robe
rNeg   + + .     Faith    .     (no shield)
rPois  +         Spirit   .     (no helmet)
rElec  .         Dismiss  .     x - +0 cloak
rCorr  .         Reflect  .     J - +0 pair of gloves
SustAt +         Harm     .     (no boots)
MR     +....                    (no amulet)
Stlth  ++++++....               k - ring of sustain attributes
                                (no ring)

@: regenerating slowly, somewhat resistant to hostile enchantments, very
stealthy
A: fangs 3, see invisible, unbreathing
a: Bat Form, Curse Item, Scrying, Renounce Religion


You were in a labyrinth.
You worshipped Ashenzari.
Ashenzari was aware of your devotion.
You were thirsty.

You visited 3 branches of the dungeon, and saw 13 of its levels.
You also visited: Labyrinth and Ossuary.

You collected 724 gold pieces.

Inventory:

Hand Weapons
 y - a +2 dagger of venom (weapon)
Missiles
 I - 4 throwing nets (quivered)
Armour
 b - a +1 robe (worn)
 x - a +0 cloak (worn)
 J - a +0 pair of gloves (worn)
Jewellery
 k - a ring of sustain attributes (right hand)
Wands
 a - a wand of digging (15/24)
 p - a wand of polymorph (5/24)
 s - a wand of iceblast (4/15)
 K - a wand of hasting (3/9)
 N - a wand of flame (20/48)
Scrolls
 f - 3 scrolls of enchant armour {unknown}
 g - 2 scrolls of fear {unknown}
 m - 2 scrolls of blinking {unknown}
 o - 12 scrolls of identify {unknown}
 q - 2 scrolls of magic mapping {unknown}
 r - a scroll of amnesia {unknown}
 v - 5 scrolls of noise {unknown}
 z - a scroll of random uselessness {unknown}
 A - 4 scrolls of enchant weapon {unknown}
 B - 6 scrolls of remove curse
 D - a scroll of summoning {unknown}
 H - 2 scrolls of teleportation {unknown}
 O - a scroll of immolation {unknown}
Potions
 d - 12 potions of blood
 e - 2 potions of degeneration {unknown}
 i - a potion of agility {unknown}
 j - a potion of haste {unknown}
 l - 2 potions of flight {unknown}
 n - 2 potions of ambrosia {unknown}
 t - 2 potions of resistance {unknown}
 u - 5 potions of curing
 w - a potion of cure mutation {unknown}
 C - 2 potions of cancellation {unknown}
 F - 3 potions of might {unknown}
 L - 2 potions of lignification {unknown}


   Skills:
 + Level 6.7 Fighting
 + Level 8.3 Short Blades
 + Level 8.1 Dodging
 + Level 11.9 Stealth
 + Level 6.6 Spellcasting
 + Level 11.5 Hexes
 + Level 6.0 Evocations


You had 11 spell levels left.
You knew the following spells:

 Your Spells              Type           Power        Failure   Level  Hunger
a - Corona                Hex            #####..      1%          1    None
b - Ensorcelled Hibernat  Hex/Ice        ####..       1%          2    None
c - Confuse               Hex            #####...     1%          3    ##.....
d - Tukima's Dance        Hex            #####...     1%          3    ##.....
e - Dazzling Spray        Conj/Hex       ####..       4%          3    ##.....


Dungeon Overview and Level Annotations

Branches:
Dungeon (10/15)            Temple (1/1) D:5            Lair (2/8) D:9
    Orc (0/2) D:10

Altars:
Ashenzari
Cheibriados
Dithmenos
Elyvilon
Fedhas
Gozag
Hepliaklqana
Kikubaaqudgha
Makhleb
Nemelex Xobeh
Okawaru
Pakellas
Qazlal
Ru
Sif Muna
Trog
Uskayaw
Vehumet
Xom
Yredelemnul
Zin
The Shining One


Innate Abilities, Weirdness & Mutations

You heal slowly.
You have razor-sharp teeth.
You have supernaturally acute eyesight. (SInv)
You can survive without breathing.


Message History

Aiming: Confuse
Press: ? - help, Shift-Dir - straight line, f/p - minotaur
Aim: a minotaur, wielding a staff of fire, wearing a glowing ring mail and wearing a ring of loudness (chance to defeat MR: 34%)
The minotaur easily resists.
The minotaur hits you with a staff of fire!!
The minotaur burns you! The minotaur gores you!
* * * LOW HITPOINT WARNING * * *
You take 36 damage, and have 23/83 hp.
MASSIVE DAMAGE!!
You now have 15/21 mp.
Casting: Confuse
Confirm with . or Enter, or press ? or * to list all spells.
Aiming: Confuse
Press: ? - help, Shift-Dir - straight line, f/p - minotaur
Aim: a minotaur, wielding a staff of fire, wearing a glowing ring mail and wearing a ring of loudness (chance to defeat MR: 34%)
The minotaur easily resists.
The minotaur hits you with a staff of fire!
* * * LOW HITPOINT WARNING * * *
The minotaur burns you!
* * * LOW HITPOINT WARNING * * *
The minotaur gores you!
You die...

### # #### #.. # #
. ###.# ## ####
...# . ..#
#####.##### #.# #
#
#.......#.....#...
#.#.........# #.#
#
#...###'###.#...#
###.#.#..@..#
###.# ###
#.....###H###..
#.. . # .## ## #
... # # ##### #
... ..#≈≈<≈≈ .# #
.. # ###
.#.#≈≈≈≈≈# ###
#.## ...#.#######
..#. . ### #. ....
..#.#. ##
#.#.......#...#
#.#.# #.## ##


You could see a minotaur.

Vanquished Creatures
  The ghost of tstbtto the Severer, a journeyman DDGl of Ru (Lair:1)
  A hydra (Lair:1)
  A hill giant (D:10)
  A black mamba (Lair:1)
  A spiny frog (Lair:1)
  A komodo dragon (Lair:1)
  Grinder (D:4)
  Sigmund (D:6)
  2 wraiths (Ossuary)
  13 yaks
  A hungry ghost (D:9)
  2 hill giant zombies (D:10)
  2 hippogriffs
  A human (D:7)
  A water moccasin (Lair:1)
  2 hell hounds (D:9)
  A porcupine (Lair:1)
  Duvessa (D:6)
  An orc warrior (D:8)
  4 sky beasts
  2 phantoms (D:10)
  2 ogres
  5 wolves (Lair:1)
  3 centaurs
  A necrophage (D:5)
  14 big kobolds
  3 crocodiles
  12 giant frogs
  A gnoll sergeant (D:7)
  Dowan (D:6)
  2 wyvern skeletons (D:6)
  9 scorpions
  11 killer bees
  3 troll zombies (D:10)
  2 jellies
  11 wights
  2 crimson imps
  2 giant frog zombies
  7 orc priests
  A giant frog skeleton (D:10)
  3 hounds
  5 orc wizards
  Terence (D:1)
  5 iguanas
  5 worker ants
  A killer bee zombie (D:8)
  3 sheep (D:7)
  3 ogre zombies (D:10)
  A hound zombie (D:9)
  A hound skeleton (D:4)
  2 worker ant zombies
  11 adders
  4 gnolls (D:7)
  3 adder zombies
  An adder skeleton (D:8)
  2 worms
  2 dart slugs
  4 giant geckos
  11 orcs
  17 bats
  A giant cockroach (D:4)
  3 goblins
  4 hobgoblins
  4 jackals (D:8)
  35 kobolds
  A quokka (D:4)
  A ball python skeleton (Ossuary)
  2 giant gecko skeletons
  A giant gecko zombie (D:9)
  12 giant newts
  A goblin skeleton (D:10)
  2 goblin zombies (D:10)
  2 hobgoblin skeletons
  4 hobgoblin zombies
  2 kobold zombies (Ossuary)
  5 orc skeletons
  17 orc zombies
  A quokka skeleton (D:5)
  7 rats
323 creatures vanquished.

Vanquished Creatures (collateral kills)
  A two-headed ogre (D:8)
  An ogre (D:6)
2 creatures vanquished.

Grand Total: 325 creatures vanquished

Notes
Turn   | Place    | Note
--------------------------------------------------------------
     0 | D:1      | mistymad the Vampire Enchanter began the quest for the Orb.
     0 | D:1      | Reached XP level 1. HP: 13/13 MP: 3/3
    73 | D:1      | Reached XP level 2. HP: 13/20 MP: 5/5
   466 | D:1      | Reached skill level 1 in Fighting
   474 | D:1      | Learned a level 2 spell: Ensorcelled Hibernation
   850 | D:2      | Found a bloodstained altar of Trog.
   850 | D:2      | Noticed Terence
   880 | D:1      | Killed Terence
   880 | D:1      | Reached XP level 3. HP: 12/26 MP: 0/6
  1504 | D:3      | Found a hide-covered altar of Uskayaw.
  1521 | D:3      | Reached skill level 5 in Hexes
  1521 | D:3      | Reached XP level 4. HP: 32/32 MP: 4/7
  2263 | D:4      | Reached XP level 5. HP: 32/38 MP: 8/8
  2390 | D:4      | Noticed an ogre
  2513 | D:4      | Learned a level 3 spell: Confuse
  2517 | D:4      | Learned a level 3 spell: Tukima's Dance
  2545 | D:4      | Noticed Grinder
  2569 | D:4      | Killed Grinder
  2569 | D:4      | Reached skill level 5 in Stealth
  2569 | D:4      | Reached XP level 6. HP: 17/45 MP: 2/10
  2904 | D:4      | Found a stormy altar of Qazlal.
  3331 | D:5      | Entered Level 5 of the Dungeon
  3416 | D:5      | Found a sand-covered staircase.
  3421 | Ossuary  | Entered an ossuary
  3548 | Ossuary  | Noticed a wraith
  3548 | Ossuary  | Noticed a flying skull
  3560 | Ossuary  | Noticed a flying skull
  3631 | Ossuary  | Reached XP level 7. HP: 51/51 MP: 10/12
  3638 | Ossuary  | Noticed a flying skull
  3644 | Ossuary  | Noticed a wraith
  3646 | Ossuary  | Killed a wraith
  3660 | Ossuary  | Noticed a wraith
  3662 | Ossuary  | Killed a wraith
  3964 | D:5      | Found a glowing silver altar of Zin.
  3964 | D:5      | Noticed an angel
  4291 | D:5      | Reached XP level 8. HP: 54/58 MP: 7/13
  4552 | D:5      | Found an ancient bone altar of Kikubaaqudgha.
  4555 | D:5      | Found a staircase to the Ecumenical Temple.
  4562 | Temple   | Entered the Ecumenical Temple
  4830 | D:6      | Learned a level 3 spell: Dazzling Spray
  5032 | D:6      | Reached skill level 1 in Evocations
  5166 | D:6      | Noticed Duvessa
  5190 | D:6      | Found a sparkling altar of Nemelex Xobeh.
  5194 | D:6      | Found a hazy altar of Hepliaklqana.
  5198 | D:6      | Found a sacrificial altar of Ru.
  5219 | D:6      | Found an opulent altar of Gozag.
  5222 | D:6      | Noticed Dowan
  5333 | D:6      | Noticed Sigmund
  5335 | D:6      | Killed Sigmund
  5335 | D:6      | Reached skill level 5 in Dodging
  5440 | D:6      | Reached skill level 5 in Short Blades
  5875 | D:6      | Reached XP level 9. HP: 65/65 MP: 15/15
  5980 | D:6      | Found a shattered altar of Ashenzari.
  5992 | D:6      | Killed Duvessa
  6020 | D:7      | Found a blossoming altar of Fedhas.
  6363 | D:6      | Killed Dowan
  6381 | D:6      | Became a worshipper of Ashenzari the Shackled
  6572 | D:7      | Found a snail-covered altar of Cheibriados.
  6685 | D:7      | Found a shimmering altar of Xom.
  7393 | D:7      | Reached skill level 5 in Spellcasting
  7562 | D:7      | Got the uncursed robe of Ciot {rPois Int-5 Dex+5}
  8960 | D:8      | Reached XP level 10. HP: 59/73 MP: 11/18
  9089 | D:8      | Reached skill level 5 in Fighting
  9444 | D:8      | Found a shadowy altar of Dithmenos.
  9773 | D:9      | Reached skill level 10 in Stealth
  9773 | D:9      | Reached skill level 10 in Hexes
  9934 | D:9      | Found a staircase to the Lair.
 10207 | D:9      | Reached * piety under Ashenzari
 10760 | D:9      | Found a burning altar of Makhleb.
 11071 | D:10     | Entered Level 10 of the Dungeon
 11544 | D:10     | Found a staircase to the Orcish Mines.
 11806 | D:10     | Noticed a hill giant
 11815 | D:10     | Killed a hill giant
 11815 | D:10     | Reached skill level 5 in Evocations
 12458 | D:10     | Reached XP level 11. HP: 71/81 MP: 12/20
 13070 | Lair:1   | Entered Level 1 of the Lair of Beasts
 13099 | Lair:1   | Noticed a six-headed hydra
 13120 | Lair:1   | Killed a six-headed hydra
 14127 | Lair:1   | Noticed tstbtto's ghost (journeyman DDGl)
 14155 | Lair:1   | Killed tstbtto's ghost
 14471 | Lair:2   | Found a labyrinth entrance.
 14492 | Lab      | Entered a labyrinth
 14596 | Lab      | Noticed a minotaur
 14601 | Lab      | HP: 4/83 [minotaur/staff of fire (9)]
 14601 | Lab      | Slain by a minotaur

Vault maps used:
D:1:      tarquinn_simple_flora_water_f, hangedman_decor_points,
          solitary_fountain, minmay_newt_pond
D:2:      bloody_trog, kennysheep_big_empty_room, uniq_terence
D:3:      lemuel_doored_altar, first_bread
D:4:      grunt_qazlal_sundering, uniq_grinder
D:5:      lemuel_round_altar, zin_angel, temple_green, enter_ossuary_5
D:6:      old_forge, nicolae_gozag_seed_capital, evilmike_ruin_ashenzari,
          minmay_overflow_temple_star_quad, uniq_sigmund, uniq_duvessa
D:7:      cheibriados_altar_1, fedhas_altar_3, xom_teletrap_fun, grunt_livestock
D:8:      nicolae_dithmenos_the_darkroom, special_room, st_stairs_11
D:9:      kennysheep_mini_moat, minmay_lair_entry_lava, nrook_loot_triangle
D:10:     zombieorc2_lemuel, roderic_greek_sauvastika
Temple:   minmay_temple_curvy_8
Lair:1:   lemuel_old_faithful, grunt_megastairs_2, lemuel_fruit_fields
Lair:2:   lab_entry_generic, lemuel_fruit_fields
Lab:      labyrinth_watery, labyrinth_skeletal_remains, lab_block
Ossuary:  ossuary_due_cavern

Skill      XL: |  1  2  3  4  5  6  7  8  9 10 11 |
---------------+----------------------------------+-----
Fighting       | 1 2 3 4 6 |  6.7
Short Blades   | 2 3 4 5 6 7 8 |  8.3
Hexes          | 5 6 7 8 9 10 11 | 11.5
Dodging        | 3 4 5 6 7 8 |  8.1
Stealth        | 5 6 7 8 9 10 11 | 11.9
Spellcasting   | 3 4 5 6 |  6.6
Evocations     | 2 3 5 6 |  6.0

Action                   |  1- 3 |  4- 6 |  7- 9 | 10-12 || total
-------------------------+-------+-------+-------+-------++-------
Melee: Dagger            |   115 |   126 |   315 |   603 ||  1159
       Bite              |     4 |     6 |    32 |    71 ||   113
 Cast: Corona            |     3 |     1 |       |       ||     4
       Ensorcelled Hiber |     4 |    14 |    36 |    19 ||    73
       Confuse           |       |     8 |    69 |   100 ||   177
       Tukima's Dance    |       |       |     3 |       ||     3
Evoke: Wand              |       |       |     3 |       ||     3
  Use: Potion            |     1 |     4 |    12 |    14 ||    31
 Stab: Sleeping          |    11 |    27 |    33 |    29 ||   100
       Confused          |       |     7 |    38 |    65 ||   110
       Distracted        |       |       |       |     1 ||     1
Armor: Robe              |    29 |    19 |    41 |    53 ||   142
Dodge: Dodged            |    57 |    74 |   217 |   290 ||   638
